 Dungeon Crawl Stone Soup version 0.30-a0-782-ge64f9170bb (webtiles) character file.

Game seed: 13677538287331775850

1055 DEFE the Covered (level 8, -2/61 HPs)
             Began as a Demonspawn Wanderer on Feb 21, 2023.
             Slain by a gnoll
             ... wielding a +0 halberd
              (4 damage)
             ... on level 5 of the Dungeon.
             The game lasted 00:04:02 (4924 turns).

DEFE the Covered (Demonspawn Wanderer)              Turns: 4924, Time: 00:04:03

Health: -2/61      AC: 16    Str: 12    XL:     8   Next: 5%
Magic:  9/9        EV:  7    Int: 16    God:
Gold:   300        SH:  0    Dex: 19    Spells: 9/9 levels left

rFire   . . .      SeeInvis .    f - +2 short sword (venom)
rCold   . . .      Faith    .    (no shield)
rNeg    . . .      Spirit   .    w - +0 chain mail
rPois   .          Reflect  .    d - +0 helmet
rElec   .          Harm     .    (no cloak)
rCorr   +          Rampage  .    B - +0 pair of gloves
Will    +....                    o - +2 pair of boots
Stlth   ++                       (no amulet)
HPRegen 0.30/turn                i - ring of willpower
MPRegen 0.11/turn                C - ring of resist corrosion

@: no status effects
A: thin skeletal structure 3, foul stench 1, demonic magic 1
a: no special abilities


You were on level 5 of the Dungeon.
You visited 1 branch of the dungeon, and saw 5 of its levels.

You collected 300 gold pieces.

Inventory:

Hand Weapons
 a - a +0 dagger
 f - a +2 short sword of venom (weapon)
 I - a +1 vampiric whip
Armour
 c - a +0 robe
 d - a +0 helmet (worn)
 o - a +2 pair of boots (worn)
 t - a +2 tower shield
 w - a +0 chain mail (worn)
 z - a +1 leather armour of fire resistance
 B - a +0 pair of gloves (worn)
Jewellery
 i - a ring of willpower (left hand)
 C - a ring of resist corrosion (right hand)
 F - a ring of wizardry
Scrolls
 b - 3 scrolls of fear
 e - a scroll of enchant weapon
 g - a scroll of torment {unknown}
 l - 3 scrolls of teleportation {unknown}
 m - 2 scrolls of fog {unknown}
 n - 2 scrolls of poison {unknown}
 p - a scroll of vulnerability {unknown}
 q - 8 scrolls of identify {unknown}
 s - a scroll of noise {unknown}
 v - a scroll of blinking {unknown}
 A - a scroll of silence {unknown}
 J - a scroll of acquirement {unknown}
 K - a scroll of enchant armour {unknown}
Potions
 h - 2 potions of haste {unknown}
 j - a potion of attraction {unknown}
 k - a potion of might {unknown}
 r - a potion of resistance {unknown}
 u - 2 potions of curing {unknown}
 x - 3 potions of degeneration {unknown}
 D - a potion of ambrosia {unknown}
 E - a potion of invisibility {unknown}
 G - 2 potions of magic {unknown}
 H - a potion of lignification {unknown}


   Skills:
 - Level 4.6 Fighting
 + Level 7.2 Armour
 - Level 3.6 Dodging
 - Level 1.0 Spellcasting
 - Level 2.0 Conjurations
 - Level 2.6 Transmutations


You had 9 spell levels left.
You didn't know any spells.
Your spell library contained the following spells:

 Spells                   Type           Power      Damage    Failure   Level
 Beastly Appendage        Tmut           18%        N/A       89%         1
 Kiss of Death            Conj/Necr      16%        2d6       98%         1
 Sting                    Tmut/Pois      20%        1d4       98%         1
 Sublimation of Blood     Necr           0%         N/A       100%        2
 Stone Arrow              Conj/Erth      8%         3d7       100%        3
 Tukima's Dance           Hex            0%         N/A       100%        3
 Cause Fear               Hex            0%         N/A       100%        4
 Ice Form                 Ice/Tmut       5%         N/A       100%        4
 Passage of Golubria      Tloc           0%         N/A       100%        4
 Petrify                  Tmut/Erth      5%         N/A       100%        4
 Irradiate                Conj/Tmut      4%         3d13      100%        5
 Yara's Violent Unravell  Hex/Tmut       2%         3d3       100%        5
 Dragon Form              Tmut           4%         N/A       100%        7
 Dragon's Call            Summ           0%         N/A       100%        9


Dungeon Overview and Level Annotations

Branches:
Dungeon (5/15)
 Temple: D:4-7

Altars:
Fedhas
Hepliaklqana
Xom

Shops:
D:3 (


Innate Abilities, Weirdness & Mutations

You have an unnaturally thin skeletal structure. (Dex +6, Stealth+++)
You may rarely emit foul miasma when damaged in melee.
Spells you cast may paralyse adjacent enemies.


Message History

A howler monkey comes into view.
The gnoll hits you but does no damage. x2
You take 7 damage, and have 22/61 hp.
Unknown command.
You barely miss Menkaure. Menkaure hits you but does no damage.
The howler monkey hoots and howls with incredible vigour!
The gnoll hits you but does no damage. The gnoll hits you with a +0 whip.
The gnoll barely misses you.
You take 1 damage, and have 21/61 hp.
Unknown command.
Unknown command.
You hit Menkaure but do no damage. Menkaure hits you!
* * * LOW HITPOINT WARNING * * *
The gnoll barely misses you. The gnoll closely misses you.
The gnoll hits you from afar with a +0 halberd.
* * * LOW HITPOINT WARNING * * *
You take 12 damage, and have 9/61 hp.
Unknown command.
Unknown command.
You hit Menkaure. Menkaure hits you.
* * * LOW HITPOINT WARNING * * *
The gnoll hits you but does no damage. The gnoll hits you with a +0 whip.
* * * LOW HITPOINT WARNING * * *
The gnoll hits you but does no damage.
You take 8 damage, and have 1/61 hp.
Unknown command.
Unknown command.
Unknown command.
You barely miss Menkaure. Menkaure closely misses you.
The gnoll hits you but does no damage.
Menkaure calls on the powers of darkness!
The gnoll convulses!
The howler monkey convulses!
You feel a surge of unholy energy.
The gnoll convulses! x2
The gnoll hits you but does no damage. x2
Unknown command.
Unknown command.
You hit Menkaure.
You destroy Menkaure!
The gnoll hits you from afar with a +0 halberd.
You die...

.######## ......... ~
....... .. ~~ ......
#.#...~ .#
######.g######.#..P . .
....h...g.........#. .
####.@g............
#.##.......!##.#### ...
#........##.##..
#......#..##†#.##.....
#.....................
.......................
###.........#...........
##...#.#.##.##........
##......##.####......


You could see a howler monkey and 3 gnolls.

Vanquished Creatures
  Grinder (D:4)
  Menkaure (D:5)
  An ice beast (D:4)
  An ogre (D:4)
  A phantom (D:5)
  2 scorpions
  A bullfrog zombie (D:5)
  2 hounds (D:4)
  A jelly (D:5)
  An orc priest (D:5)
  A scorpion zombie (D:5)
  Ijyb (D:3)
  3 orc wizards
  A killer bee zombie (D:5)
  A hound skeleton (D:5)
  2 howler monkey zombies (D:5)
  A gnoll (D:5)
  5 adders
  An ufetubus (D:5)
  3 worms
  2 dart slugs (D:2)
  14 orcs
  8 endoplasms
  4 giant cockroaches
  6 goblins
  2 hobgoblins
  3 quokkas
  7 ball pythons
  2 bats
  5 frilled lizards
  4 kobolds
  6 rats
94 creatures vanquished.

Vanquished Creatures (others)
  6 withered plants (D:5)
6 creatures vanquished.

Grand Total: 100 creatures vanquished

Notes
Turn   | Place    | Note
-------+----------+-------------------------------------------
     0 | D:1      | DEFE the Demonspawn Wanderer began the quest for the Orb.
     0 | D:1      | DEFE set off with the following items: a +0 dagger, a
                  | scroll of fear, a +0 robe, a +0 helmet; and the following
                  | spells available to memorise: Beastly Appendage, Sting,
                  | Kiss of Death, Stone Arrow, Ice Form.
     0 | D:1      | Reached XP level 1. HP: 13/13 MP: 2/2
   505 | D:1      | Reached skill level 1 in Fighting
   546 | D:1      | Gained mutation: You have a somewhat thin skeletal
                  | structure. (Dex +2, Stealth+) [demonic ancestry]
   546 | D:1      | Reached XP level 2. HP: 19/22 MP: 3/3
  1472 | D:2      | Gained mutation: You have a moderately thin skeletal
                  | structure. (Dex +4, Stealth++) [demonic ancestry]
  1472 | D:2      | Reached XP level 3. HP: 25/28 MP: 4/4
  2088 | D:2      | Found a faded altar of an unknown god.
  2266 | D:2      | Gained mutation: You may rarely emit foul miasma when
                  | damaged in melee. [demonic ancestry]
  2266 | D:2      | Reached XP level 4. HP: 35/37 MP: 5/5
  2465 | D:3      | Found a blossoming altar of Fedhas.
  2466 | D:3      | Noticed a scorpion
  2476 | D:3      | Killed a scorpion
  2581 | D:3      | Found Ydaisig's Antique Weapon Emporium.
  2606 | D:3      | Found a hazy altar of Hepliaklqana.
  2711 | D:3      | Reached XP level 5. HP: 43/43 MP: 6/6
  2856 | D:3      | Noticed Ijyb
  2866 | D:3      | Killed Ijyb
  2867 | D:3      | Reached skill level 1 in Armour
  3144 | D:3      | Found a shimmering altar of Xom.
  3198 | D:4      | Noticed Grinder
  3230 | D:4      | Killed Grinder
  3231 | D:4      | Reached skill level 3 in Armour
  3231 | D:4      | Gained mutation: Spells you cast may paralyse adjacent
                  | enemies. [demonic ancestry]
  3231 | D:4      | Reached XP level 6. HP: 14/49 MP: 7/7
  3536 | D:4      | Noticed an ice beast
  3554 | D:4      | Killed an ice beast
  3555 | D:4      | Reached skill level 4 in Armour
  3906 | D:4      | Gained mutation: You have an unnaturally thin skeletal
                  | structure. (Dex +6, Stealth+++) [demonic ancestry]
  3906 | D:4      | Reached XP level 7. HP: 51/55 MP: 8/8
  3983 | D:4      | Reached skill level 5 in Armour
  4529 | D:5      | Entered Level 5 of the Dungeon
  4550 | D:5      | Reached skill level 6 in Armour
  4718 | D:5      | Reached skill level 7 in Armour
  4747 | D:5      | Reached XP level 8. HP: 50/61 MP: 9/9
  4864 | D:5      | Noticed Menkaure
  4922 | D:5      | HP: 3/61 [Menkaure (6)]
  4922 | D:5      | HP: 1/61 [gnoll/+0 whip (2)]
  4924 | D:5      | Killed Menkaure
  4924 | D:5      | Slain by a gnoll

Illustrated notes

Levels and vault maps discovered:
D:1:      dpeg_arrival_oval, layout_basic, amethyst_killhole,
          minmay_heptomino_o4
D:2:      layout_loops_cross, basic_ecumenical_altar, minmay_misc_feat_x
D:3:      layout_rooms, fedhas_altar_1, mainiacjoe_overflow_surrounded_room,
          general_overflow_altar, serial_shops, nicolae_shop_waterfront,
          small_statue_intersection, minmay_starry_boxes, uniq_ijyb
D:4:      layout_gridville, uniq_grinder
D:5:      layout_rooms, serial_shops, shop, serial_undead, serial_undead_b,
          serial_undead_f, serial_undead_f, serial_undead_f, serial_undead_f,
          serial_undead_f, uniq_menkaure

Skill      XL: |  1  2  3  4  5  6  7 |
---------------+----------------------+-----
Fighting       | 1 2 3 4 |  4.6
Armour         | 3 4 7 |  7.2
Dodging        | |  3.6
Spellcasting   | |  1.0
Conjurations   | |  2.0
Transmutations | |  2.6

Action                     |  1- 3 |  4- 6 |  7- 9 || total
---------------------------+-------+-------+-------++-------
  Melee: Short sword       |    99 |    95 |   183 ||   377
         Dagger            |     7 |       |       ||     7
         Punch             |     3 |     2 |     5 ||    10
  Evoke: Wand              |       |     1 |     2 ||     3
    Use: Scroll            |       |     1 |       ||     1
   Stab: Sleeping          |     8 |     3 |     1 ||    12
 Armour: Robe              |    19 |     4 |       ||    23
         Chain mail        |       |    35 |   173 ||   208
  Dodge: Dodged            |    45 |    28 |    90 ||   163

Table legend: (Time is in decaauts)
 A = Elapsed time spent in this place.
 B = Non-inter-level travel time spent in this place.
 C = Inter-level travel time spent in this place.
 D = Time resting spent in this place.
 E = Time spent auto-exploring this place.
 F = Levels seen in this place.
 G = Mean time per level.
                   A        B        C        D        E       F      G
               +--------+--------+--------+--------+--------+-----+--------+
         Total |   4922 |   4810 |    112 |   1368 |   2649 |   5 |  984.4 |
       Dungeon |   4922 |   4810 |    112 |   1368 |   2649 |   5 |  984.4 |
               +--------+--------+--------+--------+--------+-----+--------+

Top non-repeatable levels by time:
     D:1: 1445 daAuts
     D:4: 1120 daAuts
     D:2: 985 daAuts
     D:3: 976 daAuts
     D:5: 394 daAuts
